 Dungeon Crawl Stone Soup version 0.29.1-4-g47bece8355 (webtiles) character file.

Game seed: 8911500647665787573

195 croobank the Conjurer (level 5, 0/37 HPs)
             Began as a Demonspawn Conjurer on Dec 1, 2022.
             Succumbed to a scorpion's poison
             ... on level 4 of the Dungeon.
             The game lasted 00:10:33 (3924 turns).

croobank the Conjurer (Demonspawn Conjurer)         Turns: 3924, Time: 00:10:33

Health: 0/37       AC:  2    Str:  7 (8)  XL:     5   Next: 45%
Magic:  2/9        EV: 12    Int: 22 (23) God:
Gold:   83         SH:  0    Dex:  9 (11) Spells: 3/9 levels left

rFire   . . .      SeeInvis .   a - +2 dagger (vamp)
rCold   . . .      Faith    .   (no shield)
rNeg    . . .      Spirit   .   n - +0 robe
rPois   .          Reflect  .   (no helmet)
rElec   .          Harm     .   (no cloak)
rCorr   .          Rampage  .   (no gloves)
Will    .....                   (no boots)
Stlth   ++........              (no amulet)
HPRegen 0.12/turn               (no ring)
MPRegen 0.11/turn               (no ring)

@: lethally poisoned (0 -> -5)
A: hooves 1, powered by pain 1, big brain 1
a: no special abilities


You were on level 4 of the Dungeon.
You visited 1 branch of the dungeon, and saw 4 of its levels.

You collected 83 gold pieces.

Inventory:

Hand Weapons
 a - a +2 vampiric dagger (weapon)
Armour
 f - a +0 buckler
 n - a +0 robe (worn)
Jewellery
 c - a ring of fire
Scrolls
 d - 2 scrolls of brand weapon {unknown}
 g - a scroll of vulnerability {unknown}
 h - a scroll of silence {unknown}
 i - a scroll of magic mapping {unknown}
 j - a scroll of identify {unknown}
 k - a scroll of teleportation {unknown}
 l - 2 scrolls of amnesia {unknown}
 m - a scroll of poison {unknown}
 o - a scroll of blinking {unknown}
 q - a scroll of enchant weapon {unknown}
 r - a scroll of enchant armour {unknown}
 s - a scroll of immolation {unknown}
Potions
 b - a potion of magic
 e - a potion of degeneration
 p - a potion of invisibility


   Skills:
 + Level 1.6 Fighting
 + Level 2.6 Dodging
 + Level 2.9 Stealth
 + Level 2.8 Spellcasting
 + Level 4.6 Conjurations
 + Level 1.4 Hexes


You had 3 spell levels left.
You knew the following spells:

 Your Spells              Type           Power      Damage    Failure   Level
a - Magic Dart            Conj           92%        1d7       1%          1
b - Searing Ray           Conj           46%        2d6       2%          2
c - Dazzling Flash        Conj/Hex       32%        N/A       11%         3

Your spell library contained the following spells:

 Spells                   Type           Power      Damage    Failure   Level
 Fulminant Prism          Conj/Hex       8%         3d7       34%         4
 Iskenderun's Mystic Bla  Conj/Tloc      13%        2d5       43%         4


Dungeon Overview and Level Annotations

Branches:
Dungeon (4/15)
 Temple: D:4-7

Altars:


Innate Abilities, Weirdness & Mutations

You have large cloven feet.
You sometimes gain a little power by taking damage.
You have an unusually large brain. (Int +2)


Message History

You barely miss the scorpion.
The scorpion is moderately wounded.
The scorpion stings you but does no damage.
You hit the scorpion but do no damage. You kick the scorpion.
The scorpion is moderately wounded.
The scorpion closely misses you.
You barely miss the scorpion.
The scorpion is moderately wounded.
The scorpion barely misses you. The scorpion stings you!
You are lethally poisoned!
The scorpion poisons you!
Casting: Searing Ray (safe; 2% risk of failure)
Confirm with . or Enter, or press ? or * to list all spells.
Okay, then.
Okay, then.
You barely miss the scorpion. Your kick misses the scorpion.
The scorpion is moderately wounded.
* * * LOW HITPOINT WARNING * * *
You feel very sick. The scorpion stings you.
* * * LOW HITPOINT WARNING * * *
Okay, then.
You hit the scorpion.
The scorpion is heavily wounded.
* * * LOW HITPOINT WARNING * * *
You feel sick. The scorpion closely misses you.
You barely miss the scorpion.
You kick the scorpion, but do no damage.
The scorpion is heavily wounded.
* * * LOW HITPOINT WARNING * * *
You feel sick. The scorpion barely misses you.
Okay, then.
You hit the scorpion but do no damage.
The scorpion is heavily wounded.
* * * LOW HITPOINT WARNING * * *
You feel sick. The scorpion barely misses you.
You hit the scorpion but do no damage.
You kick the scorpion, but do no damage.
The scorpion is heavily wounded.
You die...

#. #..#
##.# #.##
#..# ##.#
#.# . ##.#
#...###..#
......s@##
†.#.#####


You could see a scorpion.

Vanquished Creatures
  An orc priest (D:3)
  An iguana (D:4)
  3 gnolls (D:3)
  2 adders
  2 worms
  A dart slug (D:2)
  3 orcs (D:3)
  4 endoplasms
  4 giant cockroaches
  11 goblins
  6 hobgoblins
  4 jackals (D:3)
  3 quokkas
  11 ball pythons
  3 bats
  2 frilled lizards
  3 kobolds
  4 rats
68 creatures vanquished.

Vanquished Creatures (others)
  An orc wizard (D:3)
1 creature vanquished.

Grand Total: 69 creatures vanquished

Notes
Turn   | Place    | Note
-------+----------+-------------------------------------------
     0 | D:1      | croobank the Demonspawn Conjurer began the quest for the
                  | Orb.
     0 | D:1      | Reached XP level 1. HP: 13/13 MP: 3/3
   206 | D:1      | Gained mutation: You sometimes gain a little power by
                  | taking damage. [demonic ancestry]
   206 | D:1      | Reached XP level 2. HP: 19/19 MP: 0/5
   209 | D:1      | Learned a level 2 spell: Searing Ray
  1067 | D:2      | Reached XP level 3. HP: 24/24 MP: 2/6
  1108 | D:2      | Learned a level 3 spell: Dazzling Flash
  1861 | D:2      | Found a faded altar of an unknown god.
  2194 | D:3      | Gained mutation: You have an unusually large brain. (Int
                  | +2) [demonic ancestry]
  2194 | D:3      | Reached XP level 4. HP: 31/31 MP: 0/7
  2660 | D:3      | Reached skill level 1 in Fighting
  2660 | D:3      | Reached skill level 1 in Hexes
  2898 | D:3      | Gained mutation: You have large cloven feet. [demonic
                  | ancestry]
  2898 | D:3      | Reached XP level 5. HP: 3/37 MP: 2/9
  3923 | D:4      | HP: 1/37 [poisoned by a scorpion]
  3924 | D:4      | Succumbed to a scorpion's poison

Illustrated notes

Levels and vault maps discovered:
D:1:      roderic_octagonal_star, layout_rooms, wad_floor_pattern_untrapped,
          chequers_serial_rivers_marsh
D:2:      layout_loops_ring, chequers_ecumenical_altar_simple_redux
D:3:      layout_loops_ring
D:4:      layout_rooms, fedhas_altar_2

Skill      XL: |  1  2  3  4 |
---------------+-------------+-----
Stealth        | 2 |  2.9
Dodging        | 2 |  2.6
Fighting       | 1 |  1.6
Hexes          | 1 |  1.4
Spellcasting   | |  2.8
Conjurations   | |  4.6

Action                   |  1- 3 |  4- 6 || total
-------------------------+-------+-------++-------
Melee: Dagger            |     4 |    31 ||    35
       Kick              |       |     6 ||     6
 Cast: Magic Dart        |    69 |    20 ||    89
       Searing Ray       |    12 |    14 ||    26
  Use: Potion            |       |     3 ||     3
 Stab: Sleeping          |     2 |       ||     2
Armor: Robe              |     1 |     2 ||     3
Dodge: Dodged            |     3 |    14 ||    17
